| TOP OF THE 1ST |
|
Fresno Grizzlies batting - Pitching for Reno Silver Sox : LHP John Bohnet
|
|
Pitching: LHP John Bohnet
|
|
|
Batting: RHB Mike Jirschele
|
0-0: Foul Ball, location: 2F 0-1: Ball 1-1: Ball 2-1: Ball 3-1: Foul Ball, location: 2F 3-2: SINGLE (Groundball, 6MD, EV 101.9 MPH)
|
|
Batting: RHB Tom Johnson
|
0-0: Ball 1-0: Ball 2-0: Fly out, F7 (Line Drive, 7, EV 92.5 MPH)
|
|
Batting: RHB Chris Fernandez
|
0-0: Called Strike 0-1: Ball 1-1: Fly out, F9 (Flyball, 9S, EV 90.6 MPH)
|
|
Batting: LHB William Metil
|
0-0: Called Strike 0-1: Foul Ball, location: 2F 0-2: Fly out, F5 (Flyball, 5D, EV 86.3 MPH)
|
| Top of the 1st over - 0 runs, 1 hit, 0 errors, 1 left on base; Fresno 0 - Reno 0 |
| BOTTOM OF THE 1ST |
|
Reno Silver Sox batting - Pitching for Fresno Grizzlies : RHP Kevin Teate
|
|
Pitching: RHP Kevin Teate
|
|
|
Batting: RHB Lemmie Miller
|
0-0: Ball 1-0: Ball 2-0: SINGLE (Groundball, 56D, EV 94.4 MPH)
|
|
Batting: RHB Rod Hobbs
|
0-0: Called Strike 0-1: Ball 1-1: Ball 2-1: Fly out, F8 (Flyball, 8LXD, EV 100.6 MPH)
|
|
Batting: LHB Victor Diaz
|
0-0: Ball 1-0: Called Strike Lemmie Miller steals 2nd base 1-1: Fly out, F8 (Flyball, 8RM, EV 93.8 MPH)
|
|
Batting: LHB Mike Hocutt
|
0-0: Called Strike 0-1: Ball 1-1: Foul Ball, location: 2F 1-2: Strikes out swinging
|
| Bottom of the 1st over - 0 runs, 1 hit, 0 errors, 1 left on base; Fresno 0 - Reno 0 |
| TOP OF THE 2ND |
|
Fresno Grizzlies batting - Pitching for Reno Silver Sox : LHP John Bohnet
|
|
Batting: LHB Ron Oddo
|
0-0: Ball 1-0: Called Strike 1-1: Called Strike 1-2: Ground out 4-3 (Groundball, 4, EV 99.4 MPH)
|
|
Batting: RHB Ivan Mesa
|
0-0: Called Strike 0-1: Foul Ball, location: 2F 0-2: SINGLE (Flyball, 56D, EV 88.8 MPH)
|
|
Batting: LHB Roger Hill
|
0-0: Ball 1-0: Fly out, F8 (Flyball, 8LXD, EV 86.9 MPH)
|
|
Batting: RHB Manuel McDonald
|
0-0: SINGLE (Line Drive, 89S, EV 96.3 MPH) Ivan Mesa to second Runner from 2nd tries for 3rd, SAFE, throw by RF made to third
|
|
Batting: RHB Emilio Carrasquel
|
0-0: Called Strike 0-1: Fielders Choice at 2nd, U4 (Groundball, 4M, EV 83.8 MPH)
|
| Top of the 2nd over - 0 runs, 2 hits, 0 errors, 2 left on base; Fresno 0 - Reno 0 |
| BOTTOM OF THE 2ND |
|
Reno Silver Sox batting - Pitching for Fresno Grizzlies : RHP Kevin Teate
|
|
Batting: RHB Bill Crone
|
0-0: Called Strike 0-1: Fly out, F8 (Flyball, 8RM, EV 82.5 MPH)
|
|
Batting: RHB Eddie Brunson
|
0-0: Called Strike 0-1: Called Strike 0-2: Strikes out swinging
|
|
Batting: RHB Luis Cabanas
|
0-0: Called Strike 0-1: Foul Ball, location: 2F 0-2: Strikes out swinging
|
| Bottom of the 2nd over - 0 runs, 0 hits, 0 errors, 0 left on base; Fresno 0 - Reno 0 |
| TOP OF THE 3RD |
|
Fresno Grizzlies batting - Pitching for Reno Silver Sox : LHP John Bohnet
|
|
Batting: RHB Mike Jirschele
|
0-0: Ball 1-0: Called Strike 1-1: Ground out 5-3 (Groundball, 56, EV 107.5 MPH)
|
|
Batting: RHB Tom Johnson
|
0-0: Ball 1-0: Called Strike 1-1: Ball 2-1: Foul Ball, location: 2F 2-2: Strikes out swinging
|
|
Batting: RHB Chris Fernandez
|
0-0: Foul Ball, location: 2F 0-1: Called Strike 0-2: Ball 1-2: Ground out 6-3 (Groundball, 6, EV 88.1 MPH)
|
| Top of the 3rd over - 0 runs, 0 hits, 0 errors, 0 left on base; Fresno 0 - Reno 0 |
| BOTTOM OF THE 3RD |
|
Reno Silver Sox batting - Pitching for Fresno Grizzlies : RHP Kevin Teate
|
|
Batting: LHB Andrew Timko
|
0-0: Foul Ball, location: 2F 0-1: Called Strike 0-2: Strikes out looking
|
|
Batting: LHB Gregory Shirley
|
0-0: Called Strike 0-1: Foul Ball, location: 2F 0-2: Strikes out looking
|
|
Batting: RHB Lemmie Miller
|
0-0: Called Strike 0-1: Fly out, F3 (Popup, 3SF, EV 80.0 MPH)
|
| Bottom of the 3rd over - 0 runs, 0 hits, 0 errors, 0 left on base; Fresno 0 - Reno 0 |
| TOP OF THE 4TH |
|
Fresno Grizzlies batting - Pitching for Reno Silver Sox : LHP John Bohnet
|
|
Batting: LHB William Metil
|
0-0: Called Strike 0-1: Swinging Strike 0-2: Ball 1-2: Strikes out swinging
|
|
Batting: LHB Ron Oddo
|
0-0: Ball 1-0: Ball 2-0: Called Strike 2-1: Ball 3-1: Base on Balls
|
|
Batting: RHB Ivan Mesa
|
0-0: Ball 1-0: Ball Wild Pitch! Ron Oddo to second 2-0: Ball 3-0: Called Strike 3-1: Called Strike 3-2: Foul Ball, location: 2F 3-2: Ground out 5-3 (Groundball, 56, EV 83.1 MPH)
|
|
Batting: LHB Roger Hill
|
0-0: Foul Ball, location: 2F 0-1: Ball 1-1: Ball 2-1: Called Strike 2-2: Foul Ball, location: 2F 2-2: Ball 3-2: Fly out, F7 (Line Drive, 7D, EV 90.6 MPH)
|
| Top of the 4th over - 0 runs, 0 hits, 0 errors, 1 left on base; Fresno 0 - Reno 0 |
| BOTTOM OF THE 4TH |
|
Reno Silver Sox batting - Pitching for Fresno Grizzlies : RHP Kevin Teate
|
|
Batting: RHB Rod Hobbs
|
0-0: Ball 1-0: Fly out, F8 (Flyball, 8LXD, EV 90.0 MPH)
|
|
Batting: LHB Victor Diaz
|
0-0: Swinging Strike 0-1: Foul Ball, location: 2F 0-2: Ball 1-2: Ball 2-2: Ball 3-2: Foul Ball, location: 2F 3-2: Base on Balls
|
|
Batting: LHB Mike Hocutt
|
0-0: Swinging Strike 0-1: Foul Ball, location: 2F 0-2: Strikes out looking
|
|
Batting: RHB Bill Crone
|
0-0: Ball 1-0: Called Strike 1-1: Ball 2-1: SINGLE (Flyball, 8LS, EV 93.8 MPH) Victor Diaz to second Runner from 2nd tries for 3rd, SAFE, throw by CF made to third
|
|
Batting: RHB Eddie Brunson
|
0-0: Called Strike 0-1: Called Strike 0-2: Hit by Pitch Bill Crone to second
|
|
Batting: RHB Luis Cabanas
|
0-0: Ball 1-0: Ball 2-0: Fielders Choice at 2nd, 5-4 (Groundball, 56, EV 106.9 MPH)
|
| Bottom of the 4th over - 0 runs, 1 hit, 0 errors, 3 left on base; Fresno 0 - Reno 0 |
| TOP OF THE 5TH |
|
Fresno Grizzlies batting - Pitching for Reno Silver Sox : LHP John Bohnet
|
|
Batting: RHB Manuel McDonald
|
0-0: Ball 1-0: Ball 2-0: Fly out, F7 (Flyball, 7LM, EV 74.4 MPH)
|
|
Batting: RHB Emilio Carrasquel
|
0-0: Ball 1-0: Called Strike 1-1: Called Strike 1-2: SINGLE (Groundball, 4MD, EV 95.0 MPH)
|
|
Batting: RHB Mike Jirschele
|
0-0: Called Strike 0-1: Foul Ball, location: 2F 0-2: Foul Ball, location: 2F 0-2: Strikes out swinging
|
|
Batting: RHB Tom Johnson
|
0-0: Called Strike 0-1: Called Strike 0-2: Ground out 4-3 (Groundball, 4, EV 99.4 MPH)
|
| Top of the 5th over - 0 runs, 1 hit, 0 errors, 1 left on base; Fresno 0 - Reno 0 |
| BOTTOM OF THE 5TH |
|
Reno Silver Sox batting - Pitching for Fresno Grizzlies : RHP Kevin Teate
|
|
Batting: LHB Andrew Timko
|
0-0: Ball 1-0: Foul Ball, location: 2F 1-1: Ball 2-1: Ball 3-1: DOUBLE (Flyball, 8RXD, EV 97.5 MPH)
|
|
Batting: LHB Gregory Shirley
|
0-0: Ball 1-0: Fly out, F9 (Flyball, 89XD, EV 84.4 MPH) Runner from 2nd tags up, SAFE at 3rd, no throw by RF
|
|
Batting: RHB Lemmie Miller
|
0-0: Called Strike 0-1: Called Strike 0-2: Strikes out swinging
|
|
Batting: RHB Rod Hobbs
|
0-0: Foul Ball, location: 2F 0-1: Called Strike 0-2: Ball 1-2: Ball 2-2: Strikes out swinging
|
| Bottom of the 5th over - 0 runs, 1 hit, 0 errors, 1 left on base; Fresno 0 - Reno 0 |
| TOP OF THE 6TH |
|
Fresno Grizzlies batting - Pitching for Reno Silver Sox : LHP John Bohnet
|
|
Batting: RHB Chris Fernandez
|
0-0: Ball 1-0: Ground out U3 (Groundball, 3, EV 111.3 MPH)
|
|
Batting: LHB William Metil
|
0-0: Ball 1-0: Ground out 4-3 (Groundball, 4, EV 101.9 MPH)
|
|
Batting: LHB Ron Oddo
|
0-0: Called Strike 0-1: Ball 1-1: Ground out 4-3 (Groundball, 4, EV 86.9 MPH)
|
| Top of the 6th over - 0 runs, 0 hits, 0 errors, 0 left on base; Fresno 0 - Reno 0 |
| BOTTOM OF THE 6TH |
|
Reno Silver Sox batting - Pitching for Fresno Grizzlies : RHP Kevin Teate
|
|
Batting: LHB Victor Diaz
|
0-0: Ball 1-0: Foul Ball, location: 2F 1-1: Swinging Strike 1-2: Strikes out swinging
|
|
Batting: LHB Mike Hocutt
|
0-0: Foul Ball, location: 2F 0-1: Ground out 4-3 (Groundball, 4M, EV 92.5 MPH)
|
|
Batting: RHB Bill Crone
|
0-0: Ball 1-0: Ground out 5-3 (Groundball, 5L, EV 85.6 MPH)
|
| Bottom of the 6th over - 0 runs, 0 hits, 0 errors, 0 left on base; Fresno 0 - Reno 0 |
| TOP OF THE 7TH |
|
Fresno Grizzlies batting - Pitching for Reno Silver Sox : LHP John Bohnet
|
|
Batting: RHB Ivan Mesa
|
0-0: Ball 1-0: Swinging Strike 1-1: SINGLE (Line Drive, 34D, EV 94.4 MPH)
|
|
Batting: LHB Roger Hill
|
0-0: Bunt missed! 0-1: Bunt missed! 0-2: Fly out, F9 (Line Drive, 9D, EV 96.3 MPH)
|
|
Batting: RHB Manuel McDonald
|
0-0: Ball 1-0: Ball 2-0: Called Strike 2-1: Called Strike 2-2: Ball 3-2: Strikes out swinging Ivan Mesa is caught stealing 2nd base 2-4 Batter strikes out.
|
| Top of the 7th over - 0 runs, 1 hit, 0 errors, 0 left on base; Fresno 0 - Reno 0 |
| BOTTOM OF THE 7TH |
|
Reno Silver Sox batting - Pitching for Fresno Grizzlies : RHP Kevin Teate
|
|
Batting: RHB Eddie Brunson
|
0-0: Ball 1-0: Called Strike 1-1: Foul Ball, location: 2F 1-2: Fly out, F7 (Flyball, 7, EV 95.6 MPH)
|
|
Batting: RHB Luis Cabanas
|
0-0: Ball 1-0: Ball 2-0: Foul Ball, location: 2F 2-1: Ball 3-1: DOUBLE (Flyball, 89XD, EV 106.3 MPH)
|
|
Batting: LHB Andrew Timko
|
0-0: Foul Ball, location: 2F 0-1: Swinging Strike 0-2: Foul Ball, location: 2F 0-2: Strikes out looking
|
|
Batting: LHB Gregory Shirley
|
0-0: Ground out 5-3 (Groundball, 56, EV 103.8 MPH)
|
| Bottom of the 7th over - 0 runs, 1 hit, 0 errors, 1 left on base; Fresno 0 - Reno 0 |
| TOP OF THE 8TH |
|
Fresno Grizzlies batting - Pitching for Reno Silver Sox : LHP John Bohnet
|
|
Batting: RHB Emilio Carrasquel
|
0-0: Swinging Strike 0-1: Ball 1-1: Ground out 5-3 (Groundball, 56D, EV 84.4 MPH)
|
|
Batting: RHB Mike Jirschele
|
0-0: Foul Ball, location: 2F 0-1: Foul Ball, location: 2F 0-2: Ball 1-2: Ground out 6-3 (Groundball, 6M, EV 83.1 MPH)
|
|
Batting: RHB Tom Johnson
|
0-0: Called Strike 0-1: Ball 1-1: Swinging Strike 1-2: Strikes out swinging
|
| Top of the 8th over - 0 runs, 0 hits, 0 errors, 0 left on base; Fresno 0 - Reno 0 |
| BOTTOM OF THE 8TH |
|
Reno Silver Sox batting - Pitching for Fresno Grizzlies : RHP Kevin Teate
|
|
Batting: RHB Lemmie Miller
|
0-0: Ball 1-0: Called Strike 1-1: Fly out, F8 (Flyball, 8RS, EV 88.1 MPH)
|
|
Pitching: RHP Nelson Torres
|
|
|
Batting: RHB Rod Hobbs
|
0-0: Called Strike 0-1: Ball 1-1: Ball 2-1: Ball 3-1: Ground out 6-3 (Groundball, 6S, EV 79.4 MPH)
|
|
Batting: LHB Victor Diaz
|
0-0: Called Strike 0-1: Called Strike 0-2: Foul Ball, location: 2F 0-2: Foul Ball, location: 2F 0-2: Ball 1-2: Ground out U3 (Groundball, 3, EV 86.9 MPH)
|
| Bottom of the 8th over - 0 runs, 0 hits, 0 errors, 0 left on base; Fresno 0 - Reno 0 |
| TOP OF THE 9TH |
|
Fresno Grizzlies batting - Pitching for Reno Silver Sox : LHP John Bohnet
|
|
Batting: RHB Chris Fernandez
|
0-0: Called Strike 0-1: Fly out, F6 (Popup, 6MD, EV 51.9 MPH)
|
|
Batting: LHB William Metil
|
0-0: Ground out 4-3 (Groundball, 4, EV 76.9 MPH)
|
|
Batting: LHB Ron Oddo
|
0-0: Called Strike 0-1: Called Strike 0-2: Ball 1-2: Foul Ball, location: 2F 1-2: Ball 2-2: Foul Ball, location: 2F 2-2: Foul Ball, location: 2F 2-2: Strikes out swinging
|
| Top of the 9th over - 0 runs, 0 hits, 0 errors, 0 left on base; Fresno 0 - Reno 0 |
| BOTTOM OF THE 9TH |
|
Reno Silver Sox batting - Pitching for Fresno Grizzlies : RHP Nelson Torres
|
|
Pitching: RHP Chuck McKinney
|
|
|
Batting: LHB Mike Hocutt
|
0-0: Ball 1-0: DOUBLE (Flyball, 78XD, EV 107.5 MPH)
|
|
Batting: RHB Bill Crone
|
0-0: Called Strike 0-1: Ball 1-1: SINGLE (Flyball, 78S, EV 93.1 MPH) Mike Hocutt to third Runner from 3rd tries for Home, SAFE, throw by LF to home
|
| Bottom of the 9th over - 1 run, 2 hits, 0 errors, 0 left on base; Fresno 0 - Reno 1 |
|